[Event "80th ARM-ch 1st League 2019"]
[Site "Yerevan"]
[Date "2019.08.24"]
[Round "7.6"]
[White "Gharibyan, Mamikon"]
[Black "Hoghmrtsyan, Artur"]
[Result "1/2-1/2"]
[ECO "D37"]
[WhiteElo "2365"]
[BlackElo "2317"]
[Annotator "NA"]
[PlyCount "59"]
[EventDate "2019.08.18"]
[EventType "tourn"]
[EventCountry "ARM"]
[SourceTitle "playchess.com"]
[Source "ChessBase"]
[SourceQuality "1"]
[TimeControl "40/5400+30:1800+30"]

1. d4 d5 2. c4 e6 3. Nc3 Be7 4. Nf3 Nf6 5. Bf4 O-O 6. e3 Nbd7 7. Be2 dxc4 8. Bxc4 c5 9. dxc5 Nxc5 10. Qc2 a6 11. a4 Bd7 12. O-O Qa5 13. b3 Rfc8 14. Rfc1 Be8 15. e4 Bc6 16. e5 Nh5 17. Bg5 Qc7 18. Bxe7 Qxe7 19. Nd4 Qg5 20. Nxc6 Rxc6 21. Re1 Nf4 22. g3 Ng6 23. Qc1 Qxc1 24. Raxc1 Rac8 25. Re3 Nd7 26. f4 Nb6 27. Ne4 Nd5 28. Ree1 b5 29. axb5 axb5 30. Nd6 1/2-1/2

[Event "80th ARM-ch 1st League 2019"]
[Site "Yerevan"]
[Date "2019.08.24"]
[Round "7.7"]
[White "Gevorgyan, Albert"]
[Black "Harutjunyan, Gevorg"]
[Result "1-0"]
[ECO "E69"]
[WhiteElo "2175"]
[BlackElo "2455"]
[Annotator "ChessBase"]
[PlyCount "111"]
[EventDate "2019.08.18"]
[EventType "tourn"]
[EventCountry "ARM"]
[SourceTitle "playchess.com"]
[Source "ChessBase"]
[SourceQuality "1"]
[TimeControl "40/5400+30:1800+30"]

1. Nf3 Nf6 2. c4 d6 3. d4 Nbd7 4. Nc3 e5 5. g3 g6 6. Bg2 Bg7 7. O-O O-O 8. e4 c6 9. h3 exd4 10. Nxd4 Qb6 11. Re1 Ng4 12. Nce2 Nge5 13. b3 Nc5 14. Be3 Re8 15. Qc2 a5 16. Red1 Qc7 17. Rab1 Qe7 18. Nc3 Ned7 19. Re1 Nf6 20. Rbd1 Qf8 21. f4 h5 22. Bf2 Nh7 23. Kh2 Bh6 24. Nf3 Bg7 25. Bd4 Bxd4 26. Rxd4 Nf6 27. Qd1 Rb8 28. Ng5 h4 29. g4 Qg7 30. Qd2 a4 31. Rxd6 axb3 32. e5 Nh7 33. Nxh7 Kxh7 34. Qf2 Nd7 35. Ne4 Kg8 36. axb3 Re6 37. Red1 Rxd6 38. Rxd6 g5 39. Nf6+ Nxf6 40. exf6 Qf8 41. Qd2 Be6 42. f5 Bd5 43. Qxg5+ Kh7 44. Qxh4+ Kg8 45. Qg5+ Kh7 46. Rd7 Bxg2 47. Kxg2 Kh8 48. h4 b5 49. cxb5 cxb5 50. h5 b4 51. h6 Rc8 52. Qg7+ Qxg7 53. fxg7+ Kg8 54. g5 Re8 55. g6 fxg6 56. f6 1-0

[Event "80th ARM-ch 1st League 2019"]
[Site "Yerevan"]
[Date "2019.08.26"]
[Round "8.1"]
[White "Chaqryan, Erik"]
[Black "Gevorgyan, Albert"]
[Result "1-0"]
[ECO "C44"]
[WhiteElo "2105"]
[BlackElo "2175"]
[Annotator "NA"]
[PlyCount "57"]
[EventDate "2019.08.18"]
[EventType "tourn"]
[EventCountry "ARM"]
[SourceTitle "playchess.com"]
[Source "ChessBase"]
[SourceQuality "1"]
[TimeControl "40/5400+30:1800+30"]

1. e4 e5 2. Nf3 Nc6 3. d4 exd4 4. Nxd4 Qf6 5. Be3 Bc5 6. c3 Nge7 7. Bc4 b6 8. O-O O-O 9. f4 d5 10. e5 Qh6 11. Be2 Nxe5 12. Qd2 N5c6 13. f5 Qf6 14. g4 a5 15. Na3 Nxd4 16. cxd4 Bb4 17. Qc1 h6 18. Nc2 Nc6 19. a3 Be7 20. Qd2 Ba6 21. Bxa6 Rxa6 22. Rf3 b5 23. Raf1 Qd6 24. g5 hxg5 25. Bxg5 Bxg5 26. Qxg5 Qf6 27. Qxf6 gxf6 28. Rg3+ Kh7 29. Rf4 1-0

[Event "80th ARM-ch 1st League 2019"]
[Site "Yerevan"]
[Date "2019.08.26"]
[Round "8.2"]
[White "Davtyan, Artur"]
[Black "Khojayan, Vardan"]
[Result "1/2-1/2"]
[ECO "A61"]
[WhiteElo "2440"]
[BlackElo "2236"]
[Annotator "NA"]
[PlyCount "140"]
[EventDate "2019.08.18"]
[EventType "tourn"]
[EventCountry "ARM"]
[SourceTitle "playchess.com"]
[Source "ChessBase"]
[SourceQuality "1"]
[TimeControl "40/5400+30:1800+30"]

1. d4 Nf6 2. c4 e6 3. Nf3 c5 4. d5 exd5 5. cxd5 d6 6. Nc3 g6 7. e4 a6 8. a4 Bg4 9. Be2 Bxf3 10. Bxf3 Bg7 11. O-O O-O 12. Bf4 Ne8 13. Qc2 {[%emt 0:07:59] A75: Modern Benoni: Classical: 9...a6 10 a4 Bg4} Nd7 {[%emt 0:01:05] [#]} 14. Rae1 $146 ({Predecessor:} 14. Be2 Rb8 15. Rab1 Qe7 16. Rfc1 Bd4 17. Bg3 Ng7 18. Re1 Rbe8 19. Qd2 Nf6 20. Qg5 Qd7 {1-0 (51) Kuzubov,Y (2545)-Jobava,B (2658) Dresden 2007}) 14... Qe7 15. Bg3 Nc7 16. Bg4 Ne5 17. Be2 b5 18. axb5 Nxb5 19. Bxb5 axb5 20. Nxb5 Rfb8 21. Qe2 Ra2 $14 (21... Qd7 $11 22. Nc3 Qa7) 22. Rb1 Ra4 23. b4 cxb4 24. Nd4 Rba8 25. h3 Qa7 26. Rfd1 Ra2 27. Qf1 Qc5 28. Qb5 Nf3+ 29. gxf3 Bxd4 30. Qf1 Rc2 31. Qg2 Raa2 32. Rf1 Qb6 33. f4 Re2 34. Qf3 Qc5 35. Rb3 Qc4 36. e5 dxe5 37. fxe5 Bxe5 38. d6 Rad2 39. d7 Bxg3 40. Qxg3 Rxd7 41. Qb8+ Kg7 42. Qxb4 Qe6 43. Qc3+ f6 44. Rb4 Qf5 45. Qg3 Red2 46. Rf4 Qe5 47. Rf3 Qd5 48. Qf4 Qc6 49. Re3 R2d5 50. Rfe1 Rg5+ 51. Rg3 Rxg3+ 52. fxg3 Qc5+ 53. Qf2 Qg5 54. Qe3 Qf5 55. Qe6 Qxe6 56. Rxe6 Rd3 57. Kg2 Kf7 58. Ra6 h5 59. h4 Ke7 60. Kf2 Rd6 61. Ra5 Ke6 62. Kf3 Rd5 63. Ra4 Rb5 64. Re4+ Kd5 65. Re8 Rb3+ 66. Kf4 Rb4+ 67. Kf3 Rb6 68. Rg8 Rb3+ 69. Kg2 f5 70. Rxg6 f4 1/2-1/2

[Event "80th ARM-ch 1st League 2019"]
[Site "Yerevan"]
[Date "2019.08.26"]
[Round "8.3"]
[White "Gharibyan, Mamikon"]
[Black "Mikaelyan, Arman"]
[Result "1-0"]
[ECO "A78"]
[WhiteElo "2365"]
[BlackElo "2454"]
[Annotator "ChessBase"]
[PlyCount "75"]
[EventDate "2019.08.18"]
[EventType "tourn"]
[EventCountry "ARM"]
[SourceTitle "playchess.com"]
[Source "ChessBase"]
[SourceQuality "1"]
[TimeControl "40/5400+30:1800+30"]

1. d4 Nf6 2. c4 e6 3. Nf3 c5 4. d5 exd5 5. cxd5 d6 6. Nc3 g6 7. Nd2 Bg7 8. e4 O-O 9. Be2 Na6 10. O-O Re8 11. Re1 Rb8 12. a4 Nb4 13. h3 b6 14. Bf1 Nh5 15. Nc4 Ba6 16. Nb5 Bxb5 17. axb5 Rb7 18. Bd2 Rbe7 19. g4 Nf6 20. f3 h5 21. Qb3 hxg4 22. hxg4 Nh7 23. Rad1 f5 24. Bf4 fxe4 25. Nxd6 Rf8 26. Nxe4 Rxf4 27. d6+ Ref7 28. Bc4 Kf8 29. Bxf7 Rxf7 30. Kg2 Qd7 31. Rh1 Be5 32. Qe3 Nc2 33. Qh6+ Bg7 34. Qd2 Nd4 35. Rxh7 Nxf3 36. Qd5 Qxg4+ 37. Ng3 Nd4 38. Qa8+ 1-0

[Event "80th ARM-ch 1st League 2019"]
[Site "Yerevan"]
[Date "2019.08.26"]
[Round "8.4"]
[White "Harutyunian, Tigran K."]
[Black "Sargsyan, Shant"]
[Result "0-1"]
[ECO "A20"]
[WhiteElo "2555"]
[BlackElo "2540"]
[Annotator "ChessBase"]
[PlyCount "102"]
[EventDate "2019.08.18"]
[EventType "tourn"]
[EventCountry "ARM"]
[SourceTitle "playchess.com"]
[Source "ChessBase"]
[SourceQuality "1"]
[TimeControl "40/5400+30:1800+30"]

1. c4 e5 2. g3 Nf6 3. Bg2 Nc6 4. Nf3 d5 5. cxd5 Nxd5 6. O-O Nb6 7. b3 Bd6 8. Bb2 O-O 9. Nc3 Re8 10. Rc1 Bf8 11. d3 Be6 12. Ne4 f6 13. Nc5 Bxc5 14. Rxc5 a5 15. d4 a4 16. Qb1 axb3 17. axb3 exd4 18. Rh5 d3 19. exd3 Bd5 20. Rh4 Qd7 21. Rc1 Re2 22. Rf4 Bxb3 23. Nd4 Ba2 24. Qa1 Bd5 25. Qxa8+ Nxa8 26. Nxe2 Bxg2 27. Kxg2 Qxd3 28. Nd4 g5 29. Rf3 Qe4 30. Nxc6 g4 31. Nd4 Qd5 32. Rcc3 gxf3+ 33. Rxf3 Nb6 34. Nf5 Kf7 35. Bxf6 Nc4 36. Bc3 Ke8 37. g4 c5 38. Kg3 b5 39. Ng7+ Kd7 40. Nh5 Qd6+ 41. Kh4 Qxh2+ 42. Kg5 b4 43. Bg7 Nd6 44. Nf4 h6+ 45. Kg6 Qh4 46. Nd3 Qxg4+ 47. Kh7 Qe4+ 48. Kh8 Kc6 49. Re3 Qf5 50. f4 Kb5 51. Nxc5 Qc8+ 0-1

[Event "80th ARM-ch 1st League 2019"]
[Site "Yerevan"]
[Date "2019.08.26"]
[Round "8.5"]
[White "Harutjunyan, Gevorg"]
[Black "Baghdasaryan, Vahe"]
[Result "1/2-1/2"]
[ECO "B33"]
[WhiteElo "2455"]
[BlackElo "2373"]
[Annotator "ChessBase"]
[PlyCount "118"]
[EventDate "2019.08.18"]
[EventType "tourn"]
[EventCountry "ARM"]
[SourceTitle "playchess.com"]
[Source "ChessBase"]
[SourceQuality "1"]
[TimeControl "40/5400+30:1800+30"]

1. e4 c5 2. Nf3 Nc6 3. d4 cxd4 4. Nxd4 Nf6 5. Nc3 e5 6. Ndb5 d6 7. Bg5 a6 8. Na3 Be6 9. Nc4 Rc8 10. Ne3 Nd4 11. Bd3 Be7 12. Bxf6 Bxf6 13. Ncd5 Bg5 14. c3 Bxd5 15. Nxd5 Ne6 16. g3 O-O 17. O-O g6 18. Qe2 Kh8 19. Rad1 Qe8 20. Bc2 f5 21. f4 exf4 22. exf5 gxf5 23. gxf4 Bh4 24. Kh1 Nc5 25. Qf3 Ne4 26. Ne3 Rc5 27. Nxf5 Rcxf5 28. Qxe4 Qxe4+ 29. Bxe4 Rxf4 30. Rxf4 Rxf4 31. Bxb7 Rf2 32. Rxd6 Rxb2 33. Bd5 a5 34. Ra6 Be1 35. Rxa5 Bxc3 36. Ra8+ Kg7 37. Ra7+ Kh6 38. h3 Be5 39. Re7 Bf4 40. Kg1 Kg6 41. a4 h6 42. Kf1 Kf6 43. Re8 Bc7 44. Re6+ Kg5 45. Re4 Kf5 46. Rc4 Bb6 47. Bc6 Ke5 48. Bb5 Rf2+ 49. Ke1 Rh2 50. Bd7 Ba5+ 51. Kf1 Bb6 52. Bc8 Rf2+ 53. Ke1 Rf4 54. Rc6 Rf6 55. Rc2 Ke4 56. Rb2 Bd4 57. Rb3 Rb6 58. Rb5 Rxb5 59. axb5 Kd5 1/2-1/2

[Event "80th ARM-ch 1st League 2019"]
[Site "Yerevan"]
[Date "2019.08.26"]
[Round "8.6"]
[White "Hayrapetyan, Hovik"]
[Black "Torosyan, Norayr"]
[Result "1-0"]
[ECO "A37"]
[WhiteElo "2453"]
[BlackElo "2365"]
[Annotator "ChessBase"]
[PlyCount "105"]
[EventDate "2019.08.18"]
[EventType "tourn"]
[EventCountry "ARM"]
[SourceTitle "playchess.com"]
[Source "ChessBase"]
[SourceQuality "1"]
[TimeControl "40/5400+30:1800+30"]

1. c4 c5 2. Nc3 Nc6 3. g3 g6 4. Bg2 Bg7 5. Nf3 e5 6. O-O Nge7 7. Ne1 d6 8. Nc2 h5 9. Rb1 h4 10. b4 Rb8 11. bxc5 dxc5 12. Ne3 b6 13. Ned5 Be6 14. d3 Qd7 15. Bg5 Bh3 16. Nxe7 Bxg2 17. Kxg2 hxg3 18. h4 Nxe7 19. Bxe7 Qxe7 20. Qa4+ Qd7 21. Qxd7+ Kxd7 22. fxg3 f5 23. e4 Ke6 24. Nd5 Bh6 25. a4 Bd2 26. Rb2 Ba5 27. Rbf2 Rbf8 28. Kh3 Rh7 29. Ne3 Rhf7 30. Nd5 Rh7 31. Kg2 Bb4 32. Rh1 Rfh8 33. Kf3 Ba5 34. Ke2 Rf7 35. Rhf1 Rhf8 36. Ke3 Rh8 37. Ke2 Rhf8 38. h5 fxe4 39. Nc7+ Ke7 40. Rxf7+ Rxf7 41. Rxf7+ Kxf7 42. hxg6+ Kxg6 43. dxe4 Kh5 44. Kf3 Kg5 45. Ne6+ Kh5 46. Nd8 b5 47. Nc6 bxa4 48. Nxa5 a3 49. Nb3 a2 50. Kg2 Kg4 51. Na1 a5 52. Nc2 a4 53. Na1 1-0

[Event "80th ARM-ch 1st League 2019"]
[Site "Yerevan"]
[Date "2019.08.26"]
[Round "8.7"]
[White "Hoghmrtsyan, Artur"]
[Black "Shahinyan, David"]
[Result "0-1"]
[ECO "A46"]
[WhiteElo "2317"]
[BlackElo "2452"]
[Annotator "ChessBase"]
[PlyCount "84"]
[EventDate "2019.08.18"]
[EventType "tourn"]
[EventCountry "ARM"]
[SourceTitle "playchess.com"]
[Source "ChessBase"]
[SourceQuality "1"]
[TimeControl "40/5400+30:1800+30"]

1. d4 Nf6 2. Nf3 c5 3. e3 e6 4. Bd3 b6 5. O-O Bb7 6. b3 Be7 7. Bb2 d6 8. c4 Nbd7 9. Nc3 cxd4 10. exd4 O-O 11. Qe2 Rc8 12. Rfe1 Re8 13. a4 Bf8 14. Ne4 Nxe4 15. Bxe4 Bxe4 16. Qxe4 d5 17. Qe2 dxc4 18. bxc4 Qc7 19. Rec1 Bd6 20. g3 e5 21. d5 Nc5 22. Ra2 Qd7 23. Ba3 Qg4 24. Bxc5 Rxc5 25. Rb2 Ra5 26. Ra2 Bc5 27. Kg2 Qd7 28. Ng5 h6 29. Ne4 Bd4 30. Qd1 Rc8 31. f3 f5 32. Nd2 Be3 33. Rc3 Bxd2 34. Qxd2 Rxa4 35. Rxa4 Qxa4 36. d6 Qc6 37. c5 bxc5 38. Qd3 e4 39. Qc4+ Kh8 40. fxe4 fxe4 41. Qe6 Rd8 42. Qe7 e3+ 0-1

[Event "80th ARM-ch 1st League 2019"]
[Site "Yerevan"]
[Date "2019.08.27"]
[Round "9.2"]
[White "Mikaelyan, Arman"]
[Black "Hoghmrtsyan, Artur"]
[Result "1/2-1/2"]
[ECO "A05"]
[WhiteElo "2454"]
[BlackElo "2317"]
[Annotator "ChessBase"]
[PlyCount "129"]
[EventDate "2019.08.18"]
[EventType "tourn"]
[EventCountry "ARM"]
[SourceTitle "playchess.com"]
[Source "ChessBase"]
[SourceQuality "1"]
[TimeControl "40/5400+30:1800+30"]

1. Nf3 Nf6 2. g3 d5 3. Bg2 Nbd7 4. O-O e5 5. d3 Bd6 6. Nc3 O-O 7. e4 dxe4 8. Nxe4 Nxe4 9. dxe4 Nf6 10. Nh4 Bc5 11. Qe2 c6 12. h3 Ne8 13. c3 a5 14. Kh2 g6 15. Be3 Bxe3 16. Qxe3 Qe7 17. Nf3 Ng7 18. Rad1 f6 19. Rd2 Be6 20. Rfd1 Rfd8 21. b3 a4 22. c4 Bf7 23. Qb6 Rxd2 24. Rxd2 Ne6 25. h4 Nc5 26. Ne1 axb3 27. axb3 Ra3 28. b4 Ne6 29. Nc2 Rb3 30. Qa7 Nd4 31. Nxd4 exd4 32. Rxd4 Rxb4 33. Bh3 Rb2 34. Kg1 Rb1+ 35. Kh2 Rb2 36. Rd1 Qxe4 37. Bg2 Qe2 38. Rd8+ Be8 39. Qd4 Kf7 40. Qf4 Qe7 41. Rc8 Qe5 42. Qf3 Bd7 43. Rd8 Qe7 44. Rb8 Kg7 45. Qd1 Be6 46. Qd4 Rb4 47. Qe3 Qd6 48. Qa7 Qc7 49. Re8 Bf7 50. Qc5 Bxe8 51. Qxb4 Bf7 52. c5 Qe7 53. Qd4 Qe2 54. Qd7 Qb2 55. Kg1 f5 56. h5 Qc1+ 57. Kh2 Qxc5 58. h6+ Kg8 59. Qxb7 Qf8 60. Qxc6 Qxh6+ 61. Kg1 Qd2 62. Qa8+ Kg7 63. Qa1+ Kh6 64. Qf6 Qe1+ 65. Kh2 1/2-1/2

[Event "80th ARM-ch 1st League 2019"]
[Site "Yerevan"]
[Date "2019.08.27"]
[Round "9.3"]
[White "Torosyan, Norayr"]
[Black "Gharibyan, Mamikon"]
[Result "1/2-1/2"]
[ECO "C44"]
[WhiteElo "2365"]
[BlackElo "2365"]
[Annotator "NA"]
[PlyCount "91"]
[EventDate "2019.08.18"]
[EventType "tourn"]
[EventCountry "ARM"]
[SourceTitle "playchess.com"]
[Source "ChessBase"]
[SourceQuality "1"]
[TimeControl "40/5400+30:1800+30"]

1. e4 e5 2. Nf3 Nc6 3. d4 exd4 4. Nxd4 Nf6 5. Nc3 Bb4 6. Nxc6 bxc6 7. Bd3 O-O 8. O-O Re8 9. Bg5 h6 10. Bh4 Be7 11. Re1 $146 {[%emt 0:14:33] C47: Scotch Four Knights and Four Knights with 4 g3} (11. e5 Nd5 12. Bxe7 Qxe7 13. Qd2 Qb4 14. Rae1 Qf4 15. Qd1 Nxc3 16. bxc3 d5 17. exd6 Bg4 18. Rxe8+ Rxe8 {½-½ (49) Nepomniachtchi,I (2705)-Dominguez Perez,L (2732) Berlin 2015}) 11... Rb8 12. Rb1 d6 13. f4 d5 14. Bxf6 Bxf6 15. e5 Be7 16. Qh5 Bc5+ 17. Kh1 Bf2 18. Re2 Qh4 19. Qxh4 Bxh4 20. f5 Be7 21. b3 Rb4 22. Rf1 Kf8 $11 23. g3 Bb7 24. h3 Ba8 25. Kh2 h5 26. Na4 Rd4 27. Rf3 Rb4 28. c3 Rbb8 29. Rf1 f6 30. e6 Bd6 31. h4 c5 32. c4 dxc4 33. Bxc4 Bc6 34. Nb2 Ke7 35. Nd3 Rbd8 36. Kh3 Rg8 37. Nf4 Bxf4 38. Rxf4 g5 39. fxg6 Rxg6 40. Rf5 Rd1 41. Rxh5 Rh1+ 42. Rh2 Rg1 43. Rh7+ Ke8 44. Rh8+ Ke7 45. Rh7+ Ke8 46. Rh8+ 1/2-1/2

[Event "80th ARM-ch 1st League 2019"]
[Site "Yerevan"]
[Date "2019.08.27"]
[Round "9.5"]
[White "Baghdasaryan, Vahe"]
[Black "Chaqryan, Erik"]
[Result "1/2-1/2"]
[ECO "A05"]
[WhiteElo "2373"]
[BlackElo "2105"]
[Annotator "NA"]
[PlyCount "128"]
[EventDate "2019.08.18"]
[EventType "tourn"]
[EventCountry "ARM"]
[SourceTitle "playchess.com"]
[Source "ChessBase"]
[SourceQuality "1"]
[TimeControl "40/5400+30:1800+30"]

1. Nf3 Nf6 2. c4 g6 3. Nc3 Bg7 4. g3 O-O 5. e4 e5 6. Bg2 Nc6 7. d3 d6 8. O-O Bg4 9. h3 {[%emt 0:00:51] A26: English Opening vs King's Indian with ...Nc6 and d3} Bxf3 10. Bxf3 Nd7 11. Bg2 Nc5 (11... Nd4 12. Be3 c6 13. Qd2 a5 14. Bxd4 exd4 15. Ne2 {½-½ (15) Strzemiecki,Z (2361)-Sevostianov,P (2302) Chervonograd 2014}) 12. a3 a5 $146 ({Predecessor:} 12... Nd4 13. b4 Ncb3 14. Rb1 Nxc1 15. Rxc1 h5 16. Ne2 Bh6 17. Rb1 Nxe2+ 18. Qxe2 h4 19. Qg4 hxg3 20. fxg3 Qg5 {½-½ (20) Weller,M (2023)-Thieme Garmann,A (2148) Hoeheinoed 2008}) 13. f4 exf4 14. Bxf4 Nd4 15. Rb1 a4 16. Kh2 c6 17. Qd2 Be5 18. Rbd1 Qe7 19. Bg5 f6 20. Bh6 Rf7 21. Be3 Ncb3 22. Qf2 h5 $17 23. h4 Rg7 24. Bh6 Rh7 25. Bf4 Rf7 26. Bh3 Kf8 27. Kh1 Ke8 28. Be3 Kd8 29. Na2 Kc7 30. Nc1 Nxc1 31. Bxd4 Bxd4 32. Qxd4 Nb3 33. Qe3 c5 34. Qh6 Rg8 35. Rf2 Nd4 36. Rdf1 Kb8 37. Bg2 Qe5 38. Kh2 b6 39. Qf4 Rgf8 40. Bh3 Ka8 41. Qh6 Rg8 42. Bg2 Kb8 43. Qe3 Rh8 44. Qf4 Rhf8 45. Bh3 Ka8 46. Qh6 Rg8 47. Rg1 Rfg7 48. Kh1 g5 49. Qxh5 gxh4 50. Qxh4 Rxg3 51. Rxg3 Qxg3 52. Qxg3 Rxg3 53. Bg2 Kb8 54. Rxf6 Rxd3 55. e5 dxe5 56. Rxb6+ Kc7 57. Rb7+ Kd6 58. Bd5 Rd2 59. Kg1 Re2 60. Rb6+ Kc7 61. Rb7+ Kd6 62. Rb6+ Kc7 63. Rb7+ Kd6 64. Rb6+ Ke7 1/2-1/2

[Event "80th ARM-ch 1st League 2019"]
[Site "Yerevan"]
[Date "2019.08.27"]
[Round "9.7"]
[White "Gevorgyan, Albert"]
[Black "Hayrapetyan, Hovik"]
[Result "1-0"]
[ECO "A05"]
[WhiteElo "2175"]
[BlackElo "2453"]
[Annotator "ChessBase"]
[PlyCount "63"]
[EventDate "2019.08.18"]
[EventType "tourn"]
[EventCountry "ARM"]
[SourceTitle "playchess.com"]
[Source "ChessBase"]
[SourceQuality "1"]
[TimeControl "40/5400+30:1800+30"]

1. Nf3 Nf6 2. c4 e6 3. Nc3 d5 4. d4 a6 5. cxd5 exd5 6. Bg5 c6 7. e3 Be7 8. Bd3 O-O 9. Qc2 Nbd7 10. O-O h6 11. Bf4 Re8 12. h3 Nf8 13. Rab1 Bd6 14. Bxd6 Qxd6 15. b4 N8d7 16. Rfc1 b5 17. e4 dxe4 18. Nxe4 Nxe4 19. Bxe4 Bb7 20. Bxc6 Rac8 21. d5 Nb8 22. Bxe8 Rxc2 23. Rxc2 Kf8 24. Re1 g6 25. Rc5 Kg7 26. a3 Nd7 27. Bxd7 Qxd7 28. Rd1 Qd6 29. Nd4 Qe5 30. d6 Qe4 31. f3 Qe3+ 32. Kh1 1-0

[Event "80th ARM-ch 1st League 2019"]
[Site "Yerevan"]
[Date "2019.08.28"]
[Round "10.1"]
[White "Chaqryan, Erik"]
[Black "Khojayan, Vardan"]
[Result "1/2-1/2"]
[ECO "B50"]
[WhiteElo "2105"]
[BlackElo "2236"]
[Annotator "NA"]
[PlyCount "181"]
[EventDate "2019.08.18"]
[EventType "tourn"]
[EventCountry "ARM"]
[SourceTitle "playchess.com"]
[Source "ChessBase"]
[SourceQuality "1"]
[TimeControl "40/5400+30:1800+30"]

1. e4 c5 2. Nf3 d6 3. d3 Nc6 4. g3 g6 5. Bg2 Bg7 6. O-O Nf6 7. Nc3 O-O 8. Bd2 Rb8 9. Qc1 Re8 10. Bh6 Bh8 11. h3 b5 12. Ne2 c4 13. Qe3 e5 14. Ng5 Qb6 15. Qd2 cxd3 $11 16. cxd3 d5 17. Kh1 Bb7 18. f4 Rbd8 19. Qc2 dxe4 20. Qb3 Rd7 21. dxe4 Na5 22. Qb4 Nc4 23. fxe5 a5 24. Qe1 Rxe5 25. Nc3 Ne3 26. Qf2 Nc4 27. Qxb6 Nxb6 28. Rad1 b4 29. Rxd7 Nbxd7 30. Na4 Bg7 31. Bxg7 Kxg7 32. Nf3 Re8 33. e5 Nxe5 34. Nxe5 Bxg2+ 35. Kxg2 Rxe5 36. Rf2 Ne4 37. Re2 f5 38. Rc2 Rd5 39. g4 Kf6 40. gxf5 gxf5 41. Nb6 Rd3 42. Re2 Kg5 43. Nc4 a4 44. Re3 Rd4 45. b3 a3 46. h4+ Kxh4 47. Rh3+ Kg4 48. Rxh7 Nd2 49. Ne3+ Kg5 50. Rf7 f4 51. Nc2 Rd3 52. Nxb4 Rg3+ 53. Kf2 Ne4+ 54. Kf1 Rf3+ 55. Kg1 Nd2 56. Nc2 Rf1+ 57. Kh2 Rf2+ 58. Kg1 Re2 59. Nxa3 Kg4 60. Nc4 Nxc4 61. bxc4 Rxa2 62. c5 Rc2 63. Rg7+ Kf3 64. Rg5 Rc1+ 65. Kh2 Kf2 66. Rg2+ Ke3 67. Ra2 Rxc5 68. Ra3+ Ke4 69. Kg2 Rc2+ 70. Kf1 Rb2 71. Ra4+ Kf3 72. Ra3+ Kg4 73. Rc3 Rd2 74. Rb3 Ra2 75. Rc3 Ra8 76. Kf2 Ra4 77. Kg2 Ra2+ 78. Kf1 Kf5 79. Rb3 Kg4 80. Rc3 Ra4 81. Kg2 Rb4 82. Ra3 Rb8 83. Kf2 Re8 84. Rb3 Ra8 85. Kg2 Rd8 86. Ra3 Rg8 87. Kf2 Rb8 88. Kg2 f3+ 89. Rxf3 Rb2+ 90. Rf2 Rxf2+ 91. Kxf2 1/2-1/2

[Event "80th ARM-ch 1st League 2019"]
[Site "Yerevan"]
[Date "2019.08.29"]
[Round "11.1"]
[White "Khojayan, Vardan"]
[Black "Hayrapetyan, Hovik"]
[Result "1/2-1/2"]
[ECO "A06"]
[WhiteElo "2236"]
[BlackElo "2453"]
[Annotator "ChessBase"]
[PlyCount "85"]
[EventDate "2019.08.18"]
[EventType "tourn"]
[EventCountry "ARM"]
[SourceTitle "playchess.com"]
[Source "ChessBase"]
[SourceQuality "1"]
[TimeControl "40/5400+30:1800+30"]

1. Nf3 d5 2. g3 g6 3. Bg2 Bg7 4. O-O e5 5. d3 Ne7 6. e4 O-O 7. exd5 Nxd5 8. Re1 Nc6 9. Nbd2 Re8 10. c3 Bf5 11. Ne4 h6 12. Qc2 b6 13. b4 g5 14. b5 Na5 15. Bd2 c5 16. bxc6 Nxc6 17. Rab1 Nc7 18. h4 g4 19. Nh2 Qd7 20. f3 gxf3 21. Bxf3 Rad8 22. g4 Bh7 23. g5 Qxd3 24. Qxd3 Rxd3 25. gxh6 Bh8 26. Bg5 Re6 27. Rbd1 Rxd1 28. Rxd1 Ne8 29. Rd7 Bf5 30. Ng3 e4 31. Nxf5 exf3 32. Nxf3 Bxc3 33. h5 Ne5 34. Nxe5 Rxe5 35. h7+ Kxh7 36. Rxf7+ Kg8 37. Nh6+ Kh8 38. Nf5 Kg8 39. Nh6+ Kh8 40. Nf5 Kg8 41. Nh6+ Kh8 42. Nf5 Kg8 43. Nh6+ 1/2-1/2

[Event "80th ARM-ch 1st League 2019"]
[Site "Yerevan"]
[Date "2019.08.29"]
[Round "11.2"]
[White "Shahinyan, David"]
[Black "Harutjunyan, Gevorg"]
[Result "1-0"]
[ECO "A45"]
[WhiteElo "2452"]
[BlackElo "2455"]
[Annotator "ChessBase"]
[PlyCount "113"]
[EventDate "2019.08.18"]
[EventType "tourn"]
[EventCountry "ARM"]
[SourceTitle "playchess.com"]
[Source "ChessBase"]
[SourceQuality "1"]
[TimeControl "40/5400+30:1800+30"]

1. d4 Nf6 2. Bf4 c5 3. d5 d6 4. Nc3 e5 5. dxe6 Bxe6 6. e4 Nc6 7. Nf3 Be7 8. Bd3 O-O 9. O-O c4 10. Be2 d5 11. exd5 Nxd5 12. Nxd5 Bxd5 13. Be3 Bf6 14. c3 b5 15. Qd2 a6 16. Rfd1 Be4 17. a4 Qe7 18. Qd6 Qxd6 19. Rxd6 Rfd8 20. Rxd8+ Rxd8 21. Nd2 Bd5 22. axb5 axb5 23. Ra6 h6 24. h3 Rb8 25. Bf4 Be5 26. Bxe5 Nxe5 27. f4 Nd7 28. Ra5 Nc5 29. g3 Be6 30. g4 Bd7 31. Ra7 Rd8 32. Nf3 Na4 33. Ne5 Be8 34. Bf3 Nxb2 35. Nc6 Rd6 36. Ra8 Kf8 37. Nd4 Rxd4 38. cxd4 Ke7 39. Kf2 b4 40. Rb8 b3 41. Ke3 Bd7 42. Kd2 Na4 43. Rb4 c3+ 44. Kd3 b2 45. Bd1 f5 46. Bxa4 Bxa4 47. Kxc3 fxg4 48. hxg4 Bd1 49. g5 h5 50. Rxb2 Bg4 51. Rb7+ Kf8 52. d5 h4 53. Kd4 h3 54. Ke5 g6 55. Kf6 Ke8 56. Kxg6 Bf3 57. Rb8+ 1-0

[Event "80th ARM-ch 1st League 2019"]
[Site "Yerevan"]
[Date "2019.08.29"]
[Round "11.3"]
[White "Harutyunian, Tigran K."]
[Black "Davtyan, Artur"]
[Result "0-1"]
[ECO "A06"]
[WhiteElo "2555"]
[BlackElo "2440"]
[Annotator "ChessBase"]
[PlyCount "86"]
[EventDate "2019.08.18"]
[EventType "tourn"]
[EventCountry "ARM"]
[SourceTitle "playchess.com"]
[Source "ChessBase"]
[SourceQuality "1"]
[TimeControl "40/5400+30:1800+30"]

1. Nf3 d5 2. g3 e6 3. Bg2 Nf6 4. O-O c5 5. d3 Nc6 6. Bf4 Be7 7. c4 O-O 8. Nc3 d4 9. Nb5 Nh5 10. Bd2 e5 11. e3 a6 12. Na3 dxe3 13. Bxe3 Nf6 14. Qb3 Qc7 15. Nc2 Bf5 16. Nh4 Be6 17. f4 Rad8 18. fxe5 Ng4 19. Nf5 Bxf5 20. Rxf5 Nxe3 21. Nxe3 Nd4 22. Qxb7 Qxb7 23. Bxb7 Nxf5 24. Nxf5 Bg5 25. Rf1 Rxd3 26. Bd5 g6 27. Nd6 Kg7 28. Ne4 Be3+ 29. Kg2 Bd4 30. b3 Re3 31. Kh3 h5 32. Rf6 Re2 33. Rf1 Bxe5 34. Nxc5 g5 35. Nd7 g4+ 36. Kh4 Rxh2+ 37. Kg5 f6+ 38. Kf5 Re8 39. Nc5 Re2 40. Ne6+ Kh6 41. c5 Bxg3 42. Bc4 R8xe6 43. Bxe6 Kg7 0-1

[Event "80th ARM-ch 1st League 2019"]
[Site "Yerevan"]
[Date "2019.08.29"]
[Round "11.4"]
[White "Sargsyan, Shant"]
[Black "Chaqryan, Erik"]
[Result "1-0"]
[ECO "E71"]
[WhiteElo "2540"]
[BlackElo "2105"]
[Annotator "ChessBase"]
[PlyCount "93"]
[EventDate "2019.08.18"]
[EventType "tourn"]
[EventCountry "ARM"]
[SourceTitle "playchess.com"]
[Source "ChessBase"]
[SourceQuality "1"]
[TimeControl "40/5400+30:1800+30"]

1. c4 Nf6 2. Nc3 g6 3. e4 d6 4. d4 Bg7 5. h3 O-O 6. Be3 c5 7. d5 e6 8. Nf3 exd5 9. exd5 Re8 10. Bd3 Rxe3+ 11. fxe3 Qe7 12. O-O Nfd7 13. Rf2 Ne5 14. Nxe5 Bxe5 15. Qd2 Bd7 16. Raf1 Be8 17. Bc2 a6 18. Ba4 Nd7 19. Bxd7 Bxd7 20. Rxf7 Qxf7 21. Rxf7 Kxf7 22. Ne4 b6 23. b4 a5 24. bxc5 bxc5 25. Ng5+ Kg7 26. Nf3 Bf6 27. e4 a4 28. Qf4 Ra6 29. e5 dxe5 30. Nxe5 Be8 31. Ng4 Bd4+ 32. Kh1 Ra7 33. Qh6+ Kg8 34. Qg5 Kg7 35. Qd8 Bf7 36. d6 Rb7 37. d7 h5 38. Qc8 Rb1+ 39. Kh2 h4 40. g3 Rb2+ 41. Kh1 hxg3 42. Qa8 g2+ 43. Qxg2 Rb8 44. Qg3 Rb1+ 45. Kg2 Rg1+ 46. Kh2 Rxg3 47. Kxg3 1-0